 Dungeon Crawl Stone Soup version 0.29.0-11-gd7f09526c8 (webtiles) character file.

Game seed: 9393608001365942607

607 greasedhog the Basher (level 8, -6/68 HPs)
             Began as a Meteoran Berserker on Sept 6, 2022.
             Was a Believer of Trog.
             Mangled by Duvessa
             ... wielding a +0 rapier
              (11 damage)
             ... on level 5 of the Dungeon.
             The game lasted 00:05:33 (1239 turns).

greasedhog the Basher (Meteoran Berserker)          Turns: 1239, Time: 00:05:33

Health: -6/68      AC:  8    Str: 21    XL:     8   Next: 2%
Magic:  9/9        EV: 11    Int:  8    God:    Trog [**....]
Gold:   116        SH:  0    Dex: 14    Spells: 7/7 levels left

rFire   + . .      SeeInvis .   a - +0 mace
rCold   + . .      Faith    .   (no shield)
rNeg    . . .      Spirit   .   c - +0 ring mail
rPois   +          Reflect  .   (no helmet)
rElec   +          Harm     .   (no cloak)
rCorr   +          Rampage  .   (no gloves)
Will    +....                   i - +1 pair of boots
Stlth   +.........              f - amulet of magic regeneration
HPRegen 0.21/turn               (no ring)
MPRegen 0.51/turn               (no ring)

@: mighty, resistant, on berserk cooldown, flying, slowed, glowing, very slow
A: sense surroundings 1, otherworldly, glowing, explore regen
a: Renounce Religion, Berserk, Trog's Hand


You were on level 5 of the Dungeon.
You worshipped Trog.
Trog was pleased with you.
You visited 1 branch of the dungeon, and saw 5 of its levels.

You collected 116 gold pieces.

Inventory:

Hand Weapons
 a - a +0 mace (weapon)
Missiles
 b - 2 throwing nets (quivered)
 g - 5 poisoned darts
Armour
 c - a +0 ring mail (worn)
 i - a +1 pair of boots (worn)
Jewellery
 f - an amulet of magic regeneration (around neck)
Scrolls
 d - a scroll of identify
Potions
 e - a potion of resistance


   Skills:
 - Level 5.2 Fighting
 * Level 8.2 Maces & Flails
 - Level 5.3 Armour
 * Level 2.4 Dodging


You had 7 spell levels left.
You didn't know any spells.
Your spell library was empty.

Dungeon Overview and Level Annotations

Branches:
Dungeon (5/15) Zot: 1689
 Temple: D:4-7

Altars:
Uskayaw

Annotations:
D:5 Dowan, Duvessa


Innate Abilities, Weirdness & Mutations

You passively map a small area around you.
You are easily found by Zot.
You glow in the dark.
You regain HP and MP as you explore.


Message History

Dowan attacks as you move away! Dowan hits you but does no damage.
Dowan hits you with a +0 dagger. Dowan attacks as you move away!
Dowan hits you with a +0 dagger. Dowan hits you but does no damage.
An orc wizard comes into view. It is wielding a +0 dagger.
The orc wizard shouts!
The orc wizard moves out of view.
An orc wizard comes into view. It is wielding a +0 dagger.
Dowan attacks as you move away! Dowan hits you but does no damage.
The orc wizard shouts!
You hear a shout! x2
An orc comes into view. It is wielding a +0 trident.
The orc wizard points at you and mumbles some strange words.
The puff of flame hits you.
Dowan says, "Magic and the sword, together, will defeat you."
The orc wizard gestures wildly while chanting.
The orc wizard flickers and vanishes!
Deactivating autopickup; reactivate with Ctrl-A.
Duvessa barely misses you. Dowan hits you but does no damage.
Dowan attacks as you move away! Dowan barely misses you.
The orc wizard gestures wildly while chanting.
The orc wizard flickers and vanishes!
Duvessa attacks as you move away! Duvessa hits you with a +0 rapier.
Dowan attacks as you move away! Dowan hits you with a +0 dagger.
Dowan casts a spell.
Dowan blinks!
Duvessa hits you with a +0 rapier.
It was a potion of flight.
You feel very buoyant.
You fly up into the air.
Duvessa hits you with a +0 rapier! Duvessa hits you with a +0 rapier.
It was a potion of might.
You feel very mighty all of a sudden. Duvessa hits you with a +0 rapier!
* * * LOW HITPOINT WARNING * * *
Okay, then.
You feel protected. Duvessa hits you with a +0 rapier!
* * * LOW HITPOINT WARNING * * *
An orc comes into view. It is wielding a +0 flail.
Duvessa hits you with a +0 rapier!
You die...

*#.#.......### #.##. #,
#.#..........8#..#.
#.##.#.......#####....
#....<..###### #.#.#
####.##.##########...#
#.##............... ###
########.###.#............ ..##
#........###.#........#..# ...#
#.#####..@e{....#..#.....#
...#####.#####[####o.o...........
............##.# #....)........#
..######.##.##.# ###.######.....
### #... ..># *#.# ###...
####.#### ..{ ##.. * # #...#* *
##. , , * #...., , #. * * *
#...#* ..


You could see Duvessa and 2 orcs.

Vanquished Creatures
  Grinder (D:5)
  A black bear (D:5)
  A necrophage (D:5)
  A scorpion (D:5)
  A jelly (D:4)
  An iguana (D:5)
  4 gnolls (D:2)
  5 adders
  A dart slug (D:1)
  An orc (D:4)
  5 bats
  9 endoplasms
  8 goblins
  7 jackals
  5 quokkas
  3 ball pythons
  3 kobolds
  4 rats
61 creatures vanquished.

Vanquished Creatures (others)
  27 plants (D:2)
27 creatures vanquished.

Grand Total: 88 creatures vanquished

Notes
Turn   | Place    | Note
-------+----------+-------------------------------------------
     0 | D:1      | greasedhog the Meteoran Berserker began the quest for the
                  | Orb.
     0 | D:1      | Reached XP level 1. HP: 19/19 MP: 2/2
   171 | D:1      | Reached XP level 2. HP: 15/26 MP: 3/3
   259 | D:2      | Reached XP level 3. HP: 33/33 MP: 4/4
   305 | D:2      | Found a hide-covered altar of Uskayaw.
   321 | D:2      | Reached skill level 5 in Maces & Flails
   332 | D:2      | Reached XP level 4. HP: 24/40 MP: 5/5
   438 | D:2      | Reached ** piety under Trog
   448 | D:2      | Reached XP level 5. HP: 17/47 MP: 6/6
   832 | D:2      | Reached skill level 6 in Maces & Flails
   923 | D:3      | Reached skill level 5 in Fighting
  1027 | D:4      | Reached XP level 6. HP: 41/56 MP: 7/7
  1073 | D:5      | Entered Level 5 of the Dungeon
  1124 | D:5      | Noticed Grinder
  1133 | D:5      | Killed Grinder
  1134 | D:5      | Reached skill level 7 in Maces & Flails
  1134 | D:5      | Reached XP level 7. HP: 61/61 MP: 8/8
  1201 | D:5      | Reached skill level 8 in Maces & Flails
  1214 | D:5      | Reached skill level 5 in Armour
  1214 | D:5      | Reached XP level 8. HP: 56/68 MP: 9/9
  1217 | D:5      | Noticed Dowan
  1218 | D:5      | Noticed Duvessa
  1239 | D:5      | Mangled by Duvessa

Illustrated notes

Levels and vault maps discovered:
D:1:      denvon_arrival_waterhouse, layout_loops_ring,
          shapermc_ecumenical_altar_hornbeckon, nrook_loot_triangle,
          amethyst_killhole
D:2:      wad_woods_settlement, layout_basic, basic_altar,
          minmay_strange_pillars, grunt_ministairs_14
D:3:      layout_loops_corners, jmf_multi_god_temple,
          dreamdust_mushroom_princess
D:4:      layout_cave_pools
D:5:      layout_loops_cross, chequers_jeans, minivault_25,
          dreamdust_princess_bridge, uniq_duvessa, uniq_grinder

Skill      XL: |  1  2  3  4  5  6  7 |
---------------+----------------------+-----
Fighting       | 4 5 |  5.2
Maces & Flails | 5 6 7 8 |  8.2
Armour         | 4 5 |  5.3
Dodging        | |  2.4

Action                   |  1- 3 |  4- 6 |  7- 9 || total
-------------------------+-------+-------+-------++-------
Melee: Mace              |    58 |   137 |    30 ||   225
       Punch             |       |     3 |     1 ||     4
Invok: Berserk           |     2 |     1 |     1 ||     4
  Use: Scroll            |       |     4 |       ||     4
       Potion            |       |       |     3 ||     3
Armor: Ring mail         |    37 |    66 |    18 ||   121
Dodge: Dodged            |    42 |    64 |    19 ||   125
